 Dungeon Crawl Stone Soup version 0.26-a0-712-ga5a9c9c9d0 (webtiles) character file.

Game seed: 10503821048229388975

3960 Froggeryz the Grappler (level 10, -1/60 HPs)
             Began as a Gargoyle Monk on Oct 31, 2020.
             Slain by a troll (8 damage)
             ... on level 8 of the Dungeon.
             The game lasted 00:08:28 (7575 turns).

Froggeryz the Grappler (Gargoyle Monk)              Turns: 7575, Time: 00:08:28

Health: -1/60      AC: 14    Str: 18    XL:     10   Next: 22%
Magic:  10/10      EV: 10    Int: 17    God:
Gold:   468        SH:  6    Dex: 12    Spells: 9/9 levels left

rFire    . . .     SeeInvis .     - Unarmed
rCold    . . .     Faith    .   t - +0 buckler
rNeg     + . .     Spirit   .   B - +0 scale mail
rPois    ∞         Reflect  .   h - +0 helmet
rElec    +         Harm     .   (no cloak)
rCorr    .         Rampage  .   (no gloves)
MR       .....                  (no boots)
Stlth    +.........             (no amulet)
HPRegen  0.20/turn              b - +6 ring of intelligence
MPRegen  0.12/turn              x - ring of flight

@: no status effects
A: negative energy resistance 1, electricity resistance, unbreathing,
petrification resistance, rot immunity, AC +7
a: Evoke Flight


You were on level 8 of the Dungeon.
You visited 2 branches of the dungeon, and saw 9 of its levels.

You collected 468 gold pieces.

Inventory:

Missiles
 p - 41 poisoned darts (quivered)
Armour
 h - a +0 helmet (worn)
 t - a +0 buckler (worn)
 B - a +0 scale mail (worn)
Jewellery
 b - a +6 ring of intelligence (left hand)
 x - a ring of flight (right hand)
Wands
 g - a wand of acid (14)
 l - a wand of digging (5)
 q - a wand of paralysis (1)
 y - a wand of iceblast (2)
 J - a wand of polymorph (7)
Scrolls
 c - 8 scrolls of remove curse {unknown}
 e - 6 scrolls of identify {unknown}
 i - 2 scrolls of amnesia {unknown}
 m - a scroll of blinking {unknown}
 n - 4 scrolls of magic mapping {unknown}
 o - 6 scrolls of teleportation {unknown}
 r - 2 scrolls of enchant weapon {unknown}
 s - a scroll of fear {unknown}
 u - a scroll of enchant armour {unknown}
 w - 3 scrolls of immolation {unknown}
 z - 3 scrolls of noise {unknown}
 E - a scroll of fog {unknown}
 I - a scroll of vulnerability {unknown}
Potions
 a - a potion of haste {unknown}
 d - a potion of cancellation {unknown}
 f - 2 potions of berserk rage {unknown}
 j - a potion of lignification {unknown}
 k - a potion of degeneration {unknown}
 v - a potion of brilliance {unknown}
 A - 2 potions of heal wounds {unknown}
 C - a potion of might {unknown}
 D - a potion of curing
 F - a potion of invisibility {unknown}
 G - a potion of stabbing
 H - a potion of flight {unknown}


   Skills:
 + Level 6.0 Fighting
 - Level 2.4 Dodging
 - Level 2.1 Stealth
 - Level 8.3 Shields
 * Level 11.5 Unarmed Combat


You had 9 spell levels left.
You didn't know any spells.
Your spell library contained the following spells:

 Spells                   Type           Power        Failure   Level
 Animate Skeleton         Necr           #.....       63%         1
 Pain                     Necr           #...         63%         1
 Sandblast                Erth           #.....       63%         1
 Passwall                 Tmut/Erth      #.......     77%         2
 Stone Arrow              Conj/Erth      #.....       94%         3
 Vampiric Draining        Necr           #.........   94%         3
 Animate Dead             Necr           #.........   100%        4
 Petrify                  Tmut/Erth      #.......     100%        4
 Agony                    Necr           #.......     100%        5
 Lee's Rapid Deconstruct  Erth           #.........   100%        5


Dungeon Overview and Level Annotations

Branches:
Dungeon (8/15)             Temple (1/1) D:5            Lair (0/6) D:8

Altars:
Ashenzari
Cheibriados
Elyvilon
Fedhas
Hepliaklqana
Kikubaaqudgha
Makhleb
Qazlal
Ru
Sif Muna
Trog
Uskayaw
Vehumet
Wu Jian
Xom
Yredelemnul
Zin
The Shining One


Innate Abilities, Weirdness & Mutations

You are resistant to torment.
Your stone body is resilient. (AC +7)
You are immune to poison.
You resist negative energy. (rN+)
You are resistant to electric shocks. (rElec)
You can survive without breathing.
You are immune to petrification.
You are immune to rotting.


Message History

You completely miss the troll.
The troll is heavily wounded.
The troll bites you. The troll claws you! The troll claws you.
* * * LOW HITPOINT WARNING * * *
You punch the troll!
The troll is severely wounded.
The troll closely misses you. The troll claws you but does no damage.
You block the troll's attack.
You hit the troll.
The troll is severely wounded.
You block the troll's attack. The troll barely misses you. The troll claws you.
* * * LOW HITPOINT WARNING * * *
You hit the troll.
The troll is almost dead.
You closely miss the troll.
The troll is almost dead.
The troll bites you.
* * * LOW HITPOINT WARNING * * *
The troll barely misses you. The troll claws you!
You die...

#.#......#.†#####
..........).)...#
..≈.≈.....†>###.#
....≈....≈..#..<#
≈≈≈≈≈.≈.....#####.
≈≈≈≈.≈≈≈≈.........
≈≈≈≈≈≈≈≈....#####
≈≈≈≈≈≈≈≈....#
≈.≈.≈.≈≈≈†@##
≈≈....≈≈≈.T#
≈≈.>.≈.≈≈..#
......≈.≈≈#
..≈.≈≈≈..#
...≈≈≈..#
.≈≈≈≈...#
.≈≈≈≈...#


You could see a troll.

Vanquished Creatures
  Pikel (D:5)
  A manticore (D:6)
  Sigmund (D:5)
  A steam dragon (D:7)
  2 insubstantial wisps (D:7)
  An ice beast (D:5)
  3 black bears (D:7)
  4 sky beasts
  2 phantoms
  A centaur (D:6)
  An ogre (D:4)
  3 necrophages (D:8)
  A wolf (D:8)
  A lemure (D:5)
  A big kobold (D:7)
  2 bullfrogs (D:6)
  A wyvern zombie (D:6)
  3 scorpions
  A howler monkey (D:5)
  A centaur zombie (D:4)
  6 hounds
  6 orc wizards
  A bullfrog skeleton (D:4)
  2 orc priests
  A centaur skeleton (D:4)
  6 worker ants
  A killer bee zombie (D:8)
  3 gnolls (D:3)
  5 adders
  A white imp (D:6)
  An ooze (D:6)
  An adder skeleton (D:5)
  A worm (D:2)
  3 dart slugs
  7 leopard geckos
  19 orcs
  A giant cockroach (D:2)
  9 goblins
  7 hobgoblins
  9 jackals
  11 kobolds
  A quokka (D:4)
  A ball python (D:4)
  6 bats
  8 frilled lizards
  A quokka skeleton (D:5)
  6 rats
156 creatures vanquished.

Notes
Turn   | Place    | Note
-------+----------+-------------------------------------------
     0 | D:1      | Froggeryz the Gargoyle Monk began the quest for the Orb.
     0 | D:1      | Reached XP level 1. HP: 14/14 MP: 1/1
   371 | D:1      | Reached XP level 2. HP: 19/19 MP: 2/2
  1069 | D:2      | Reached skill level 4 in Unarmed Combat
  1096 | D:2      | Reached XP level 3. HP: 20/23 MP: 3/3
  1304 | D:2      | Found a broken altar of Ashenzari.
  1559 | D:2      | You fall into a shaft and drop 1 floor!
  1845 | D:2      | Reached XP level 4. HP: 28/28 MP: 4/4
  1936 | D:3      | Reached skill level 5 in Unarmed Combat
  1959 | D:3      | Found a radiant altar of Vehumet.
  2160 | D:3      | Found a burning altar of Makhleb.
  2205 | D:3      | Found an ancient bone altar of Kikubaaqudgha.
  2354 | D:3      | Reached XP level 5. HP: 32/32 MP: 5/5
  2985 | D:4      | Reached skill level 6 in Unarmed Combat
  3006 | D:4      | Reached skill level 1 in Shields
  3226 | D:4      | Reached XP level 6. HP: 37/37 MP: 6/6
  3898 | D:4      | Reached XP level 7. HP: 40/41 MP: 7/7
  4162 | D:5      | Entered Level 5 of the Dungeon
  4203 | D:5      | Reached skill level 7 in Unarmed Combat
  4368 | D:5      | Found a staircase to the Ecumenical Temple.
  4368 | D:5      | Noticed Sigmund
  4384 | D:5      | Killed Sigmund
  4430 | Temple   | Entered the Ecumenical Temple
  4606 | D:5      | Noticed Pikel
  4614 | D:5      | Reached skill level 5 in Shields
  4642 | D:5      | Killed Pikel
  4642 | D:5      | Reached skill level 8 in Unarmed Combat
  4642 | D:5      | Reached XP level 8. HP: 29/46 MP: 8/8
  5269 | D:5      | Reached skill level 9 in Unarmed Combat
  5616 | D:6      | Found a white marble altar of Elyvilon.
  5647 | D:6      | Reached XP level 9. HP: 41/51 MP: 9/9
  5748 | D:6      | Noticed a manticore
  5764 | D:6      | Killed a manticore
  6255 | D:7      | Reached skill level 10 in Unarmed Combat
  6264 | D:7      | Found a bloodstained altar of Trog.
  6950 | D:7      | Reached skill level 5 in Fighting
  6980 | D:7      | Reached skill level 11 in Unarmed Combat
  6980 | D:7      | Reached XP level 10. HP: 25/59 MP: 10/10
  7315 | D:7      | Found a shimmering altar of Xom.
  7316 | D:7      | Found a hazy altar of Hepliaklqana.
  7317 | D:7      | Noticed a spectral ugly thing
  7532 | D:8      | Found a staircase to the Lair.
  7575 | D:8      | Slain by a troll

Illustrated notes

Levels and vault maps discovered:
D:1:      dpeg_arrival_erosion, layout_basic, minmay_tiny_reverse_x
D:2:      layout_basic, ashenzari_altar_1
D:3:      layout_loops_cross, old_standard_altar, old_standard_altar,
          kiku_gazebo_pond_becter
D:4:      layout_basic
D:5:      layout_loops_ring, minmay_temple_entry_hall, uniq_sigmund, uniq_pikel
D:6:      layout_rooms, overflow_temple_1_default
D:7:      layout_loops_ring, regret_index_temple_of_mockery,
          trog_ov_bears_minmay, hangedman_misty_isle
D:8:      layout_basic, grunt_temple_overflow_opulence, lemuel_doored_altar,
          erik_lair_island, serial_undead, serial_undead_b, serial_undead_a,
          serial_undead_b, serial_undead_b
Temple:   zaba_magenta_temple

Skill      XL: |  1  2  3  4  5  6  7  8  9 10 |
---------------+-------------------------------+-----
Unarmed Combat | 4 5 6 8 9 11 | 11.5
Shields        | 1 3 6 7 8 |  8.3
Fighting       | 5 6 |  6.0
Dodging        | |  2.4
Stealth        | |  2.1

Action                   |  1- 3 |  4- 6 |  7- 9 | 10-12 || total
-------------------------+-------+-------+-------+-------++-------
Melee: Unarmed           |   159 |   204 |   321 |   103 ||   787
       Punch             |     3 |     4 |     5 |       ||    12
Throw: Dart              |       |    10 |       |       ||    10
Evoke: Wand              |       |     1 |     9 |       ||    10
  Use: Potion            |       |       |     3 |       ||     3
 Stab: Sleeping          |     3 |       |     2 |       ||     5
       Paralysed         |       |     6 |    19 |       ||    25
Armor: Robe              |    11 |       |       |       ||    11
       Ring mail         |    62 |    76 |    65 |       ||   203
       Scale mail        |       |       |    68 |    57 ||   125
Dodge: Dodged            |   108 |    96 |   122 |    39 ||   365
Block: Buckler           |       |       |    18 |    22 ||    40

Table legend: (Time is in decaauts)
 A = Elapsed time spent in this place.
 B = Non-inter-level travel time spent in this place.
 C = Inter-level travel time spent in this place.
 D = Time resting spent in this place.
 E = Time spent auto-exploring this place.
 F = Levels seen in this place.
 G = Mean time per level.
                   A        B        C        D        E       F      G
               +--------+--------+--------+--------+--------+-----+--------+
         Total |   7486 |   7261 |    225 |   1403 |   4524 |   9 |  831.8 |
       Dungeon |   7322 |   7115 |    207 |   1403 |   4382 |   8 |  915.2 |
        Temple |    164 |    146 |     18 |      0 |    142 |   1 |  164.0 |
               +--------+--------+--------+--------+--------+-----+--------+

Top non-repeatable levels by time:
     D:4: 1309 daAuts
     D:7: 1232 daAuts
     D:5: 1139 daAuts
     D:1: 1022 daAuts
     D:3: 936 daAuts
     D:2: 867 daAuts
     D:6: 702 daAuts
  Temple: 164 daAuts
     D:8: 113 daAuts
